 Dungeon Crawl Stone Soup version 0.30-a0-913-g9934a0ce24 (webtiles) character file.

Game seed: 15723008680057815089

100 selver the Chiller (level 4, 0/30 HPs)
             Began as a Demonspawn Ice Elementalist on Mar 20, 2023.
             Killed from afar by a white imp (7 damage)
             ... with a puff of frost
             ... on level 3 of the Dungeon.
             The game lasted 00:04:25 (2718 turns).

selver the Chiller (Demonspawn Ice Elementalist)    Turns: 2718, Time: 00:04:25

Health: 0/30       AC:  6    Str:  9    XL:     4   Next: 47%
Magic:  4/7        EV: 11    Int: 18    God:
Gold:   66         SH:  0    Dex: 13    Spells: 3/7 levels left

rFire   . . .      SeeInvis .    c - +0 short sword
rCold   . . .      Faith    .    (no shield)
rNeg    . . .      Spirit   .    j - +0 leather armour
rPois   .          Reflect  .    (no helmet)
rElec   .          Rampage  .    (no cloak)
rCorr   .                        h - +0 pair of gloves
Will    .....                    (no boots)
Stlth   ++                       (no amulet)
HPRegen 0.25/turn                (no ring)
MPRegen 0.10/turn                (no ring)

@: no status effects
A: yellow scales 1, foul stench 1, powered by death 1
a: no special abilities


You were on level 3 of the Dungeon.
You visited 1 branch of the dungeon, and saw 3 of its levels.

You collected 66 gold pieces.

Inventory:

Hand Weapons
 c - a +0 short sword (weapon)
Armour
 h - a +0 pair of gloves (worn)
 j - a +0 leather armour (worn)
Scrolls
 a - 3 scrolls of fear {unknown}
 e - a scroll of brand weapon {unknown}
 f - a scroll of noise {unknown}
 g - 3 scrolls of identify {unknown}
 l - a scroll of enchant armour {unknown}
Potions
 b - a potion of magic
 d - 2 potions of attraction {unknown}
 i - a potion of brilliance {unknown}
 k - 2 potions of curing {unknown}


   Skills:
 - Level 1.7 Dodging
 - Level 1.7 Stealth
 - Level 2.0 Spellcasting
 + Level 5.4 Ice Magic


You had 3 spell levels left.
You knew the following spells:

 Your Spells              Type           Power      Damage    Failure   Level
a - Freeze                Ice            84%        1d9       2%          1
b - Frozen Ramparts       Ice            42%        1d7       9%          3

Your spell library contained the following spells:

 Spells                   Type           Power      Damage    Failure   Level
 Ozocubu's Armour         Ice            21%        N/A       9%          3
 Summon Ice Beast         Ice/Summ       11%        N/A       63%         4


Dungeon Overview and Level Annotations

Branches:
Dungeon (3/15)

Altars:

Annotations:
D:3 Robin


Innate Abilities, Weirdness & Mutations

You are partially covered in yellow scales. (AC +2)
You may rarely emit foul miasma when damaged in melee.
You regenerate a little health from kills.


Message History

Casting: Freeze (safe; 2% risk of failure)
Confirm with . or Enter, or press ? or * to list all spells.
Aiming: Freeze (safe; 2% risk of failure)
Press: ? - help, Shift-Dir - straight line, f/p - white imp
Aim: a white imp (lightly wounded)
You freeze the white imp but do no damage.
The white imp completely resists.
The white imp gestures at you.
The puff of frost hits you but does no damage.
You hit the white imp but do no damage.
The white imp is lightly wounded.
The white imp hits you but does no damage.
You hit the white imp but do no damage.
The white imp is lightly wounded.
The white imp closely misses you.
You hit the white imp.
The white imp is moderately wounded.
The white imp closely misses you.
You hit the white imp.
The white imp is heavily wounded.
The white imp hits you but does no damage.
You hit the white imp.
The white imp is almost dead.
The white imp barely misses you.
You closely miss the white imp.
The white imp is almost dead.
The white imp gestures at you. The puff of frost hits you.
You are too injured to fight recklessly!
You are too injured to fight recklessly!
You are too injured to fight recklessly!
You hit the white imp.
The white imp is almost dead.
The white imp hits you. The white imp freezes you.
* * * LOW HITPOINT WARNING * * *
You hit the white imp but do no damage.
The white imp is almost dead.
The white imp gestures at you. The puff of frost hits you!
You die...

... ......
...####+#...[..
.............#
...........#
..........#. #..........
#..[5...... #..@.......
##.......... #
#........... ..
####...)#....#. ...
........#......
.................'......
.................#......
.. ........#####.#....##
#####......#.....# ...#


You could see a white imp.

Vanquished Creatures
  4 adders
  A worm (D:2)
  A dart slug (D:1)
  An orc (D:3)
  5 ball pythons
  4 endoplasms
  3 giant cockroaches (D:1)
  5 goblins
  2 hobgoblins (D:2)
  5 kobolds
  3 quokkas
  10 bats
  4 frilled lizards
  9 rats
57 creatures vanquished.

Notes
Turn   | Place    | Note
-------+----------+-------------------------------------------
     0 | D:1      | selver the Demonspawn Ice Elementalist began the quest for
                  | the Orb.
     0 | D:1      | Reached XP level 1. HP: 13/13 MP: 3/3
    74 | D:1      | Reached skill level 4 in Ice Magic
   123 | D:1      | Gained mutation: You may rarely emit foul miasma when
                  | damaged in melee. [demonic ancestry]
   123 | D:1      | Reached XP level 2. HP: 19/19 MP: 3/5
   350 | D:1      | Found a faded altar of an unknown god.
   739 | D:1      | Gained mutation: You regenerate a little health from kills.
                  | [demonic ancestry]
   739 | D:1      | Reached XP level 3. HP: 24/24 MP: 6/6
  1406 | D:2      | Reached skill level 5 in Ice Magic
  1410 | D:2      | Learned a level 3 spell: Frozen Ramparts
  1798 | D:2      | Gained mutation: You are partially covered in yellow
                  | scales. (AC +2) [demonic ancestry]
  1798 | D:2      | Reached XP level 4. HP: 22/30 MP: 5/7
  2342 | D:3      | Identified the +1 helmet "Juosov" {rN+ Int+3}
  2342 | D:3      | Noticed Robin
  2718 | D:3      | Killed from afar by a white imp

Illustrated notes

Levels and vault maps discovered:
D:1:      dreamdust_arrival_sigmund_warning, layout_loops_ring,
          basic_ecumenical_altar
D:2:      layout_basic, grunt_ministairs_4
D:3:      layout_basic, kennysheep_generic_room_9, uniq_robin

Skill      XL: |  1  2  3 |
---------------+----------+-----
Ice Magic      | 4 5 |  5.4
Dodging        | |  1.7
Stealth        | |  1.7
Spellcasting   | |  2.0

Action                     |  1- 3 |  4- 6 || total
---------------------------+-------+-------++-------
  Melee: Short sword       |    39 |    39 ||    78
         Punch             |     1 |       ||     1
   Cast: Freeze            |    41 |    16 ||    57
   Stab: Sleeping          |     4 |     2 ||     6
 Armour: Robe              |    10 |       ||    10
         Leather armour    |    12 |    33 ||    45
  Dodge: Dodged            |    46 |    33 ||    79

Table legend: (Time is in decaauts)
 A = Elapsed time spent in this place.
 B = Non-inter-level travel time spent in this place.
 C = Inter-level travel time spent in this place.
 D = Time resting spent in this place.
 E = Time spent auto-exploring this place.
 F = Levels seen in this place.
 G = Mean time per level.
                   A        B        C        D        E       F      G
               +--------+--------+--------+--------+--------+-----+--------+
         Total |   2717 |   2591 |    126 |    290 |   1910 |   3 |  905.7 |
       Dungeon |   2717 |   2591 |    126 |    290 |   1910 |   3 |  905.7 |
               +--------+--------+--------+--------+--------+-----+--------+

Top non-repeatable levels by time:
     D:2: 1423 daAuts
     D:1: 1001 daAuts
     D:3: 292 daAuts
